 Seeded DCSS version 0.30-a0-381-g6ea064c7b4 (webtiles) character file.

Game seed: 17167860159599815644 (custom seed)

13 qeuew the Shield-Bearer (level 2, 0/24 HPs)
             Began as a Formicid Fighter on Dec 1, 2022.
             Constricted to death by a ball python (1 damage)
             ... on level 2 of the Dungeon.
             The game lasted 00:00:35 (256 turns).

qeuew the Shield-Bearer (Formicid Fighter)           Turns: 256, Time: 00:00:35

Health: 0/24       AC:  6    Str: 20    XL:     2   Next: 50%
Magic:  2/2        EV:  6    Int:  7    God:
Gold:   29         SH:  5    Dex: 13    Spells: 1/1 levels left

rFire   . . .      SeeInvis +    a - +0 long sword
rCold   . . .      Faith    .    c - +0 buckler
rNeg    . . .      Spirit   .    b - +0 scale mail
rPois   .          Reflect  .    (helmet unavailable)
rElec   .          Harm     .    (no cloak)
rCorr   .          Rampage  .    (no gloves)
Will    .....                    (no boots)
Stlth   ..........               (no amulet)
HPRegen 0.24/turn                (no ring)
MPRegen 0.08/turn                (no ring)

@: constricted
A: permanent stasis, dig shafts and tunnels, antennae 3, four strong arms
a: Dig, Shaft Self


You were on level 2 of the Dungeon.
You visited 1 branch of the dungeon, and saw 2 of its levels.

You collected 29 gold pieces.

Inventory:

Hand Weapons
 a - a +0 long sword (weapon)
Armour
 b - a +0 scale mail (worn)
 c - a +0 buckler (worn)
Scrolls
 e - a scroll of butterflies {unknown}
Potions
 d - a potion of might


   Skills:
 + Level 3.4 Fighting
 + Level 2.2 Long Blades
 + Level 3.4 Armour
 + Level 0.5 Dodging
 + Level 4.2 Shields


You had one spell level left.
You didn't know any spells.
Your spell library was empty.

Dungeon Overview and Level Annotations

Branches:
Dungeon (1/15)

Altars:


Innate Abilities, Weirdness & Mutations

You cannot be hasted, slowed, berserked, paralysed or teleported.
You can dig through walls and to a lower floor.
You have a pair of large antennae on your head. (SInv)
Your four strong arms can wield two-handed weapons with a shield.


Message History

The ball python constricts you. You block the ball python's attack.
You barely miss the ball python. The ball python bites you.
The ball python bites you but does no damage.
The ball python constricts you.
The ball python bites you but does no damage. x2
The ball python constricts you.
* * * LOW HITPOINT WARNING * * *
You closely miss the ball python. The ball python bites you.
* * * LOW HITPOINT WARNING * * *
The ball python constricts you. The ball python bites you.
* * * LOW HITPOINT WARNING * * *
You closely miss the ball python.
The ball python bites you but does no damage.
The ball python constricts you. You block the ball python's attack.
The ball python barely misses you. The ball python constricts you.
The ball python bites you but does no damage.
You hit the ball python.
You kill the ball python!
You block the ball python's attack. The ball python barely misses you.
The giant cockroach barely misses you.
The ball python bites you but does no damage.
The ball python grabs you. The ball python constricts you.
You barely miss the giant cockroach.
The giant cockroach bites you but does no damage.
The ball python barely misses you. The ball python constricts you.
* * * LOW HITPOINT WARNING * * *
The giant cockroach bites you.
* * * LOW HITPOINT WARNING * * *
You slash the giant cockroach!
You kill the giant cockroach!
The ball python bites you but does no damage.
The ball python constricts you. The quokka barely misses you.
The ball python bites you but does no damage.
The ball python constricts you.
You barely miss the quokka.
The quokka bites you but does no damage.
The ball python bites you.
* * * LOW HITPOINT WARNING * * *
The ball python constricts you.
You die...

. .. ## .## #.
....
###.####.....
.###.....S......
.$......@#..##..
.##..####r.## #.
r#... .. ....
... ... .... ..
..... . ......


You could see 2 quokkas and a ball python.

Vanquished Creatures
  A dart slug (D:1)
  A bat (D:1)
  A giant cockroach (D:2)
  A goblin (D:1)
  A quokka (D:1)
  A ball python (D:2)
  A frilled lizard (D:1)
  3 kobolds
  A rat (D:1)
11 creatures vanquished.

Notes
Turn   | Place    | Note
-------+----------+-------------------------------------------
     0 | D:1      | qeuew the Formicid Fighter began the quest for the Orb.
     0 | D:1      | Reached XP level 1. HP: 18/18 MP: 1/1
   164 | D:1      | Reached XP level 2. HP: 21/24 MP: 2/2
   238 | D:1      | You fall into a shaft and drop 1 floor!
   256 | D:2      | HP: 1/24 [ball python (1)]
   256 | D:2      | Constricted to death by a ball python

Illustrated notes

Levels and vault maps discovered:
D:1:      saegor_arrival_simple_b, layout_loops_ring
D:2:      layout_rooms, minmay_close_crescents

Action                   || total
-------------------------++-------
Melee: Long sword        ||    46
Armor: Scale mail        ||    29
Dodge: Dodged            ||    24
Block: Buckler           ||    16

Table legend: (Time is in decaauts)
 A = Elapsed time spent in this place.
 B = Non-inter-level travel time spent in this place.
 C = Inter-level travel time spent in this place.
 D = Time resting spent in this place.
 E = Time spent auto-exploring this place.
 F = Levels seen in this place.
 G = Mean time per level.
                   A        B        C        D        E       F      G
               +--------+--------+--------+--------+--------+-----+--------+
         Total |    270 |    270 |      0 |      0 |    178 |   2 |  135.0 |
       Dungeon |    270 |    270 |      0 |      0 |    178 |   2 |  135.0 |
               +--------+--------+--------+--------+--------+-----+--------+

Top non-repeatable levels by time:
     D:1: 248 daAuts
     D:2: 22 daAuts
